 Dungeon Crawl Stone Soup version 0.20.1-1-g8b1a95d (webtiles) character file.

28 Internecine the Firebug (level 2, 0/15 HPs)
             Began as a Deep Elf Fire Elementalist on Sept 25, 2017.
             Killed from afar by a dart slug (2 damage)
             ... with a slug dart
             ... on level 2 of the Dungeon.
             The game lasted 00:17:09 (1387 turns).

Internecine the Firebug (DEFE)                      Turns: 1387, Time: 00:17:09

Health: 0/15       AC:  7    Str:  4 (5)  XL:     2   Next: 96%
Magic:  4/8        EV: 13    Int: 19      God:
Gold:   74         SH:  0    Dex: 15      Spells: 7/8 levels left

rFire    . . .     SeeInvis .   j - +1 hunting sling (flame)
rCold    . . .     Gourm    .   (no shield)
rNeg     . . .     Faith    .   u - +0 robe
rPois    +         Spirit   .   (no helmet)
rElec    .         Reflect  .   k - +1 cloak {+Inv}
rCorr    .         Harm     .   v - +0 pair of gloves
MR       .....     Rnd*Tele +   (no boots)
Stlth    ++........             (no amulet)
Regen    0.1/turn               w - ring of teleportation (curse)
MPRegen  0.2/turn               (no ring)

@: very slightly contaminated
A: icy blue scales 1, deterioration 1, poison resistance, screaming 1
a: Evoke Invisibility


You were on level 2 of the Dungeon.
You were not hungry.

You visited 1 branch of the dungeon, and saw 2 of its levels.

You collected 74 gold pieces.

Inventory:

Hand Weapons
 d - a +0 hand axe
 j - a +1 hunting sling of flaming (weapon)
 l - a cursed -2 mace
 o - a +0 club
 t - a +0 hand axe
Missiles
 e - 49 stones (quivered)
Armour
 a - a +0 robe
 k - a +1 cloak of invisibility (worn)
 s - a +0 robe
 u - a +0 robe (worn)
 v - a +0 pair of gloves (worn)
Jewellery
 w - a cursed ring of teleportation (left hand)
Scrolls
 g - a scroll of enchant armour {unknown}
 i - 4 scrolls of magic mapping
Potions
 h - a potion of invisibility {unknown}
 m - a potion of berserk rage {unknown}
 n - a potion of brilliance {unknown}
 p - a potion of agility
 q - a potion of mutation
 r - a potion of cancellation {unknown}
Books
 b - a book of Flames

   Spells                             Type                      Level
   a - Flame Tongue                   Conjuration/Fire             1
   b - Throw Flame                    Conjuration/Fire             2
   c - Conjure Flame                  Conjuration/Fire             3
   d - Inner Flame                    Hexes/Fire                   3
   e - Sticky Flame                   Conjuration/Fire             4
   f - Fireball                       Conjuration/Fire             5
Comestibles
 c - a bread ration
 f - a royal jelly


   Skills:
 + Level 0.1 Fighting
 + Level 0.5 Slings
 + Level 2.7 Dodging
 + Level 2.7 Stealth
 + Level 3.5 Spellcasting
 + Level 1.1 Conjurations
 + Level 3.7 Fire Magic


You had 7 spell levels left.
You knew the following spells:

 Your Spells              Type           Power        Failure   Level  Hunger
a - Flame Tongue          Conj/Fire      ##...        5%          1    None


Dungeon Overview and Level Annotations

Branches:
Dungeon (2/15)

Altars:


Innate Abilities, Weirdness & Mutations

You are partially covered in icy blue scales. (AC +2)
Your body sometimes deteriorates upon taking damage.
Your system is resistant to poisons. (rPois)
You occasionally shout uncontrollably at your foes.


Message History

You kill the goblin!
The kobold throws a stone.
The stone misses you.
Casting: Flame Tongue
Confirm with . or Enter, or press ? or * to list all spells.
Aiming: Flame Tongue
Press: ? - help, Shift-Dir - straight line, f/p - kobold
Aim: a kobold (severely wounded)
The flame tongue hits the dart slug.
The dart slug is severely wounded.
Casting: Flame Tongue
Confirm with . or Enter, or press ? or * to list all spells.
Aiming: Flame Tongue
Press: ? - help, Shift-Dir - straight line, f/p - kobold
Aim: a kobold (severely wounded)
You miscast Flame Tongue.
You are very lightly contaminated with residual magic.
You smell something strange.
The dart slug launches a dart at you. The slug dart hits you!
You die...

....# ...#
#.(# ####.(#
#.....#
#...g.#######
#....>w$.....
#.(.(#########
#(.(Kw@%...(..
##(###########
#'# .. ... ..
...


You could see a dart slug and a kobold.

Vanquished Creatures
  A worm (D:1)
  A leopard gecko (D:1)
  2 giant cockroaches
  3 goblins (D:2)
  2 hobgoblins
  4 jackals (D:1)
  A kobold (D:1)
  3 bats
  A frilled lizard (D:1)
  3 rats (D:1)
21 creatures vanquished.

Notes
Turn   | Place    | Note
-------+----------+-------------------------------------------
     0 | D:1      | Internecine the Deep Elf Fire Elementalist began the quest for the Orb.
     0 | D:1      | Reached XP level 1. HP: 10/10 MP: 6/6
   582 | D:1      | Reached XP level 2. HP: 15/15 MP: 6/8
  1317 | D:1      | Gained mutation: Your system is resistant to poisons. (rPois) [potion of mutation]
  1317 | D:1      | Gained mutation: Your body sometimes deteriorates upon taking damage. [potion of mutation]
  1317 | D:1      | Gained mutation: You occasionally shout uncontrollably at your foes. [potion of mutation]
  1317 | D:1      | Gained mutation: You are partially covered in icy blue scales. (AC +2) [potion of mutation]
  1387 | D:2      | Killed from afar by a dart slug

Action                   || total
-------------------------++-------
 Fire: Hunting sling     ||    52
 Cast: Flame Tongue      ||     9
  Use: Scroll            ||     5
       Potion            ||     2
  Eat: Chunk             ||     1
Armor: Robe              ||    23
Dodge: Dodged            ||    66
